 Dungeon Crawl Stone Soup version 0.31.0-1-g2c135a008e (webtiles) character file.

Game seed: 4513759451069407360

10998 qw the Skirmisher (level 12, -4/88 HPs)
             Began as a Djinni Hunter on Jan 23, 2024.
             Was an Elder of Okawaru.
             Slain by a wyvern (9 damage)
             ... on level 11 of the Dungeon.
             The game lasted 00:01:02 (8753 turns).

qw the Skirmisher (Djinni Hunter)                   Turns: 8753, Time: 00:01:03

Health: -4/88      AC: 10    Str: 10    XL:     12   Next: 2%
Gold:   225        EV: 18    Int: 11    God:    Okawaru [****..] SH:  5 Dex: 22

rFire   + + .        u - +0 arbalest
rCold   x . .        (shield currently unavailable)
rNeg    . . .        g - +0 troll leather armour
rPois   inf          m - +1 helmet
rElec   .            o - +0 cloak
rCorr   +            f - +2 pair of gloves
SInv    +            (boots unavailable)
Will    +....        n - amulet of reflection
Stlth   ++           e - ring of see invisible
HPRegen 1.14/turn    a - ring of resist corrosion
MPRegen 0.00/turn

%: reflection, infuse magic (-5 HP)
@: finesse-ful, flying
A: sickness immunity, fire resistance 2, cold vulnerability 1, float, innate
caster, HP casting, extra vitality 1
a: Renounce Religion, Heroism, Finesse


You were on level 11 of the Dungeon.
You worshipped Okawaru.
Okawaru was greatly pleased with you.
You visited 2 branches of the dungeon, and saw 12 of its levels.

You collected 729 gold pieces.
You spent 504 gold pieces at shops.


Innate Abilities, Weirdness & Mutations

You are immune to sickness and miasma.
You are immune to poison.
Your flesh is very heat resistant. (rF++)
You are vulnerable to cold. (rC-)
You float through the air rather than walking.
You learn spells naturally, not from books.
Your magical power is your life essence.
You have superior vitality. (+4 MHP)


   Skills:
 - Level 8.5 Fighting
 - Level 11.0 Ranged Weapons
 - Level 4.8 Armour
 + Level 8.6 Dodging
 - Level 0.7 Stealth
 + Level 5.3 Invocations


You knew the following spells:

 Your Spells              Type           Power      Damage    Failure   Level
a - Freeze                Ice            0%         1d3       43%         1
b - Ensorcelled Hibernat  Hex/Ice        0%         N/A       56%         2
c - Passwall              Erth           0%         N/A       80%         3
d - Mephitic Cloud        Conj/Alch/Air  0%         N/A       80%         3
e - Flame Wave            Conj/Fire      0%         2d4       99%         4
Your spell library was empty.

Inventory:

Hand Weapons
 u - a +0 arbalest (weapon)
Armour
 f - a +2 pair of gloves (worn)
 g - a +0 troll leather armour (worn)
 m - a +1 helmet (worn)
 o - a +0 cloak (worn)
Jewellery
 a - a ring of resist corrosion (right hand)
 e - a ring of see invisible (left hand)
 n - an amulet of reflection (around neck)
 r - a ring of see invisible
 x - a ring of ice
Wands
 b - a wand of charming (5)
 c - a wand of mindburst (11)
 j - a wand of light (10)
 l - a wand of polymorph (12)
 z - a wand of roots (3)
Scrolls
 p - 4 scrolls of identify
Potions
 d - 2 potions of might
 h - a potion of enlightenment
 k - 3 potions of curing
 q - 2 potions of haste

Dungeon Overview and Level Annotations

Branches:
Dungeon (11/15)            Temple (1/1) D:7
   Lair: D:8-11         Orc: D:9-12

Altars:
Ashenzari
Cheibriados
Dithmenos
Elyvilon
Fedhas
Gozag
Hepliaklqana
Makhleb
Nemelex Xobeh
Okawaru
Qazlal
Ru
Trog
Uskayaw
Wu Jian
Xom
Yredelemnul
Zin
The Shining One

Shops:
D:1 =!   D:8 ?   D:10 *


Message History

The bolt hits the centaur!!
You kill the centaur!
Okawaru accepts your kill. The wyvern bites you. You block the wyvern's attack.
You have reached level 12!
You feel clever.
You shoot a bolt. The bolt hits the wyvern.
The wyvern is lightly wounded.
You block the wyvern's attack. The wyvern misses you.
A yak comes into view.
The wyvern closely misses you.
You shoot a bolt. The bolt closely misses the wyvern.
The yak bellows!
The wyvern closely misses you. The wyvern bites you!
The wyvern completely misses you. The wyvern bites you.
The wyvern closely misses you.
You shoot a bolt. The bolt hits the wyvern.
The wyvern is heavily wounded.
The wyvern closely misses you. x2; The wyvern completely misses you.
You shoot a bolt. The bolt closely misses the wyvern.
The wyvern bites you.
The wyvern bites you but does no damage.
You shoot a bolt. The bolt hits the wyvern!
You kill the wyvern!
Okawaru accepts your kill.
The wyvern bites you but does no damage.
The wyvern completely misses you.
You shoot a bolt. The bolt hits the vampire mosquito!!
The vampire mosquito is almost destroyed.
The vampire mosquito barely misses you. The wyvern barely misses you.
A scorpion comes into view.
You block the vampire mosquito's attack.
The wyvern bites you!
You shoot a bolt.
The bolt barely misses the vampire mosquito.
The wyvern bites you. The vampire mosquito misses you. The wyvern bites you.
You shoot a bolt.
The bolt hits the vampire mosquito but does no damage.
The vampire mosquito is almost destroyed.
The vampire mosquito misses you. The wyvern bites you!
You die...

...#########...###
)....../..........
#s................ #....
........#### #######Y..
........# .......)Y#
#####...# ......lYY#
#...# .....Skky# #...#
#######@.# #...#
######..# #...#
.........########...####
........................
........................
########################


You could see 4 yaks, a water moccasin, 2 wyverns, a vampire mosquito, a
scorpion and an iguana.

Vanquished Creatures
  Fannar (D:10)
  A two-headed ogre (D:10)
  Amaemon (D:10)
  Pikel (D:7)
  An orange demon (D:10)
  2 trolls
  Prince Ribbit (D:7)
  A hornet (D:10)
  2 shadows (D:11)
  3 wraiths
  10 yaks
  2 wyverns
  2 steam dragons
  4 acid dragons
  3 water moccasins
  2 black bears
  A sky beast (D:8)
  7 orc warriors
  2 ice beasts
  An ogre (D:6)
  8 centaurs
  2 lemures (D:7)
  A weeping skull (D:7)
  3 bullfrogs
  4 kobold brigands
  6 scorpions
  A gnoll sergeant (D:8)
  7 howler monkeys
  A hound (D:6)
  A jelly (D:4)
  8 orc priests
  A sleepcap (D:5)
  A gnoll bouda (D:7)
  6 iguanas
  13 orc wizards
  18 gnolls
  8 adders
  2 shadow imps (D:6)
  2 white imps (D:6)
  3 ribbon worms
  3 dart slugs
  34 orcs
  9 ball pythons
  4 endoplasms
  3 giant cockroaches
  9 goblins
  4 hobgoblins
  30 kobolds
  6 quokkas
  9 bats
  5 frilled lizards
  5 rats
  A spectral orc (D:7)
266 creatures vanquished.

Vanquished Creatures (others)
  A goblin (D:8)
1 creature vanquished.

Grand Total: 267 creatures vanquished

Notes
Turn   | Place    | Note
-------+----------+-------------------------------------------
     0 | D:1      | qw the Djinni Hunter began the quest for the Orb.
     0 | D:1      | Reached XP level 1. HP: 18/18 MP: 0/0
     0 | D:1      | 0 ||| qw: Version: 0.3-a-136-gdd3b4e8
     0 | D:1      | 0 ||| qw: Game counter: 1108
     0 | D:1      | 0 ||| qw: Melee chars always use a shield: true
     0 | D:1      | 0 ||| qw: God list: Okawaru
     0 | D:1      | 0 ||| qw: Allow faded altars: false
     0 | D:1      | 0 ||| qw: Do Orc after clearing Dungeon:15 true
     0 | D:1      | 0 ||| qw: Do second Lair branch before Depths: true
     0 | D:1      | 0 ||| qw: Lair rune preference: random
     0 | D:1      | 0 ||| qw: Goals: Normal
     0 | D:1      | 0 ||| PLANNING D:1-11
    84 | D:1      | Reached XP level 2. HP: 23/23 MP: 0/0
   124 | D:1      | Found Huanaiw's Distillery.
   139 | D:1      | 139 ||| SHOPLISTING 2 potions of curing (84 gold, have 0).
   139 | D:1      | 139 ||| SHOPLISTING potion of curing (42 gold, have 0).
   139 | D:1      | 139 ||| SHOPLISTING potion of heal wounds (70 gold, have
                  | 0).
   282 | D:1      | Found Tedgh's Jewellery Emporium.
   287 | D:1      | 287 ||| SHOPLISTING amulet of faith (480 gold, have 9).
   287 | D:1      | 287 ||| SHOPLISTING amulet of reflection (360 gold, have
                  | 9).
   287 | D:1      | 287 ||| SHOPLISTING amulet of regeneration (360 gold, have
                  | 9).
   287 | D:1      | 287 ||| SHOPLISTING ring of ice (300 gold, have 9).
   287 | D:1      | 287 ||| SHOPLISTING ring of positive energy (240 gold, have
                  | 9).
   287 | D:1      | 287 ||| SHOPLISTING ring of see invisible (180 gold, have
                  | 9).
   375 | D:1      | Reached skill level 4 in Ranged Weapons
   375 | D:1      | Reached XP level 3. HP: 26/28 MP: 0/0
   375 | D:1      | Learned a level 1 spell: Freeze
   774 | D:1      | 774 ||| UPGRADING to amulet of regeneration.
   779 | D:1      | 779 ||| READING scroll labelled EDURAB MOCOLL.
   780 | D:1      | 780 ||| DRINKING 2 fuming blue potions.
   781 | D:1      | 781 ||| DRINKING dark potion.
   785 | D:1      | 785 ||| DROPPING scroll of butterflies.
   786 | D:1      | 786 ||| DROPPING potion of ambrosia.
  1110 | D:2      | Reached XP level 4. HP: 34/34 MP: 0/0
  1141 | D:2      | Reached skill level 3 in Fighting
  1422 | D:2      | 1422 ||| UPGRADING to ring of see invisible.
  1423 | D:2      | 1423 ||| READING 2 scrolls labelled WOOPIRAPLO.
  1423 | D:2      | 1423 ||| ENCHANTING +0 shortbow.
  1424 | D:2      | 1424 ||| READING scroll of enchant weapon.
  1424 | D:2      | 1424 ||| ENCHANTING +1 shortbow.
  1425 | D:2      | 1425 ||| READING scroll labelled XOFATU FURIA.
  1425 | D:2      | 1425 ||| IDENTIFYING pink potion
  1516 | D:3      | 1516 ||| RETREEEEATING.
  1520 | D:3      | 1520 ||| RETREEEEATING.
  1521 | D:3      | 1521 ||| RETREEEEATING.
  1522 | D:3      | 1522 ||| RETREEEEATING.
  1523 | D:3      | 1523 ||| RETREEEEATING.
  1532 | D:3      | Reached skill level 3 in Dodging
  1532 | D:3      | Reached XP level 5. HP: 30/40 MP: 0/0
  1532 | D:3      | Learned a level 2 spell: Ensorcelled Hibernation
  1721 | D:3      | Identified the +8 chain mail "Feokluda" {rN++}
  1881 | D:3      | 1881 ||| UPGRADING to +0 pair of gloves.
  1886 | D:3      | 1886 ||| READING scroll labelled UMNOKOCKOTO.
  1938 | D:4      | Found a hazy altar of Hepliaklqana.
  1948 | D:4      | Reached XP level 6. HP: 46/46 MP: 0/0
  1960 | D:4      | Reached skill level 5 in Ranged Weapons
  2103 | D:4      | 2103 ||| READING scroll of enchant weapon.
  2103 | D:4      | 2103 ||| ENCHANTING +2 shortbow.
  2108 | D:4      | Found a burning altar of Makhleb.
  2448 | D:4      | 2448 ||| READING 2 scrolls of identify.
  2448 | D:4      | 2448 ||| IDENTIFYING bubbling coppery potion
  2449 | D:4      | 2449 ||| READING scroll of identify.
  2449 | D:4      | 2449 ||| IDENTIFYING fuming purple potion
  2450 | D:4      | 2450 ||| READING scroll labelled RUF JASCHIKECKA.
  2450 | D:4      | 2450 ||| ENCHANTING +0 pair of gloves.
  2451 | D:4      | 2451 ||| READING scroll labelled KAUKLES GEFONN.
  2452 | D:4      | 2452 ||| DROPPING potion of attraction.
  2459 | D:5      | Entered Level 5 of the Dungeon
  2466 | D:5      | Reached XP level 7. HP: 50/50 MP: 0/0
  2466 | D:5      | Learned a level 3 spell: Passwall
  2754 | D:5      | Found a glowing silver altar of Zin.
  2764 | D:5      | Noticed a wyvern
  2771 | D:5      | Killed a wyvern
  2772 | D:5      | Reached skill level 6 in Ranged Weapons
  2803 | D:5      | Reached XP level 8. HP: 58/58 MP: 0/0
  3097 | D:5      | 3097 ||| UPGRADING to +0 ring mail.
  3107 | D:5      | 3107 ||| DROPPING +0 leather armour.
  3108 | D:5      | 3108 ||| UPGRADING to +0 helmet.
  3113 | D:5      | 3113 ||| UPGRADING to +0 cloak.
  3118 | D:5      | 3118 ||| READING scroll labelled BUNIDUAT LUCAU.
  3119 | D:5      | 3119 ||| READING scroll labelled LUUHOFO TIBRARPHU.
  3439 | D:6      | Reached skill level 7 in Ranged Weapons
  3442 | D:6      | 3442 ||| RETREEEEATING.
  3443 | D:6      | 3443 ||| RETREEEEATING.
  3444 | D:6      | 3444 ||| ZAPPING wand of mindburst (15) at 0,1 (black bear;
                  | floor).
  3447 | D:6      | HP: 13/58 [shadow imp/nerve-wracking pain (13)]
  3697 | D:6      | 3697 ||| READING scroll of enchant armour.
  3697 | D:6      | 3697 ||| ENCHANTING +1 pair of gloves.
  3975 | D:6      | Found a sparkling altar of Nemelex Xobeh.
  4020 | D:6      | Noticed a troll
  4021 | D:6      | 4021 ||| ZAPPING wand of mindburst (14) at 4,-1 (troll;
                  | floor).
  4022 | D:6      | 4022 ||| ZAPPING wand of mindburst (13) at 3,-1 (troll;
                  | floor).
  4023 | D:6      | 4023 ||| ZAPPING wand of mindburst (12) at 2,-1 (troll;
                  | floor).
  4023 | D:6      | Killed a troll
  4024 | D:6      | Reached skill level 8 in Ranged Weapons
  4024 | D:6      | Reached XP level 9. HP: 65/65 MP: 0/0
  4024 | D:6      | Learned a level 3 spell: Mephitic Cloud
  4183 | D:6      | 4183 ||| READING scroll labelled LOOXEJA ECSOI.
  4184 | D:6      | 4184 ||| DRINKING 2 coppery potions.
  4288 | D:6      | 4288 ||| DRINKING 3 brown potions.
  4289 | D:6      | 4289 ||| DROPPING potion of berserk rage.
  4315 | D:7      | Found a staircase to the Ecumenical Temple.
  4316 | D:7      | 4316 ||| PLANNING TEMPLE
  4323 | D:7      | Noticed Pikel
  4345 | D:7      | 4345 ||| RETREEEEATING.
  4346 | D:7      | 4346 ||| RETREEEEATING.
  4347 | D:7      | 4347 ||| RETREEEEATING.
  4348 | D:7      | 4348 ||| RETREEEEATING.
  4349 | D:7      | 4349 ||| ZAPPING wand of light (11) at 1,-2 (Pikel; floor).
  4352 | D:7      | Killed Pikel
  4375 | Temple   | Entered the Ecumenical Temple
  4376 | Temple   | 4376 ||| PLANNING OKAWARU WORSHIP
  4417 | Temple   | Became a worshipper of Warmaster Okawaru
  4418 | Temple   | 4418 ||| PLANNING D:1-11
  4550 | D:7      | Reached skill level 6 in Fighting
  4690 | D:7      | 4690 ||| FLEEEEING.
  4691 | D:7      | 4691 ||| FLEEEEING.
  4692 | D:7      | 4692 ||| FLEEEEING.
  4693 | D:7      | 4693 ||| FLEEEEING.
  4699 | D:7      | 4699 ||| DRINKING 2 potions of curing.
  4699 | D:7      | 4699 ||| (to cure confusion)
  4728 | D:7      | Found a basalt altar of Yredelemnul.
  4804 | D:7      | 4804 ||| FLEEEEING.
  4806 | D:7      | 4806 ||| FLEEEEING.
  4811 | D:7      | Reached * piety under Okawaru
  4912 | D:7      | Found an ornate altar of the Wu Jian Council.
  4944 | D:7      | Reached skill level 1 in Invocations
  4944 | D:7      | Reached XP level 10. HP: 70/72 MP: 0/0
  5170 | D:7      | Noticed Prince Ribbit
  5190 | D:7      | Killed Prince Ribbit
  5362 | D:7      | Noticed a komodo dragon
  5420 | D:7      | Reached skill level 9 in Ranged Weapons
  5420 | D:7      | Reached skill level 3 in Invocations
  5426 | D:7      | Found a bloodstained altar of Trog.
  5596 | D:7      | 5596 ||| READING scroll of identify.
  5596 | D:7      | 5596 ||| IDENTIFYING black potion
  5597 | D:7      | 5597 ||| READING 2 scrolls labelled UWOLAFF NUINOSK.
  5598 | D:7      | 5598 ||| DROPPING scroll of fog.
  5650 | D:8      | Found Uxzyorgh's Magic Scroll Emporium.
  5657 | D:8      | 5657 ||| BUYING 3 scrolls of identify (78 gold).
  5657 | D:8      | Bought 3 scrolls of identify for 78 gold pieces
  5657 | D:8      | 5657 ||| BUYING scroll of enchant weapon (97 gold).
  5657 | D:8      | Bought a scroll of enchant weapon for 97 gold pieces
  5657 | D:8      | 5657 ||| BUYING scroll of identify (26 gold).
  5657 | D:8      | Bought a scroll of identify for 26 gold pieces
  5657 | D:8      | 5657 ||| BUYING scroll of teleportation (39 gold).
  5657 | D:8      | Bought a scroll of teleportation for 39 gold pieces
  5657 | D:8      | 5657 ||| BUYING scroll of teleportation (39 gold).
  5657 | D:8      | Bought a scroll of teleportation for 39 gold pieces
  5657 | D:8      | 5657 ||| READING scroll of enchant weapon.
  5657 | D:8      | 5657 ||| ENCHANTING +3 shortbow.
  5684 | D:8      | Reached skill level 6 in Dodging
  5716 | D:8      | 5716 ||| FLEEEEING.
  5723 | D:8      | HP: 7/72 [acid dragon/splash of acid (19)]
  5724 | D:8      | 5724 ||| READING 2 scrolls of teleportation.
  5811 | D:8      | 5811 ||| RETREEEEATING.
  5822 | D:8      | 5822 ||| FLEEEEING.
  5970 | D:8      | Found a flagged portal.
  5971 | D:8      | 5971 ||| RETREEEEATING.
  5973 | D:8      | 5973 ||| INVOKING Heroism.
  5985 | D:8      | Reached ** piety under Okawaru
  6055 | D:8      | 6055 ||| SWAPPING to +0 arbalest.
  6056 | D:8      | 6056 ||| DROPPING +4 shortbow.
  6223 | D:8      | 6223 ||| READING 4 scrolls of identify.
  6223 | D:8      | 6223 ||| IDENTIFYING fizzy blue potion
  6224 | D:8      | 6224 ||| READING 3 scrolls of identify.
  6224 | D:8      | 6224 ||| IDENTIFYING sapphire potion
  6225 | D:8      | 6225 ||| DROPPING potion of brilliance.
  6264 | D:9      | 6264 ||| STAIRDANCE
  6280 | D:9      | 6280 ||| STAIRDANCE
  6304 | D:9      | 6304 ||| STAIRDANCE
  6356 | D:9      | 6356 ||| STAIRDANCE
  6436 | D:9      | Found a blossoming altar of Fedhas.
  6454 | D:9      | 6454 ||| RETREEEEATING.
  6455 | D:9      | 6455 ||| RETREEEEATING.
  6456 | D:9      | 6456 ||| RETREEEEATING.
  6459 | D:9      | 6459 ||| RETREEEEATING.
  6460 | D:9      | 6460 ||| RETREEEEATING.
  6461 | D:9      | 6461 ||| RETREEEEATING.
  6462 | D:9      | 6462 ||| RETREEEEATING.
  6470 | D:9      | HP: 2/75 [acid dragon/splash of acid (24)]
  6471 | D:9      | 6471 ||| READING scroll of teleportation.
  6472 | D:9      | 6472 ||| DRINKING potion of heal wounds.
  6575 | D:9      | Reached *** piety under Okawaru
  6576 | D:9      | Reached skill level 10 in Ranged Weapons
  6581 | D:9      | Found a snail-covered altar of Cheibriados.
  6597 | D:9      | 6597 ||| RETREEEEATING.
  6602 | D:9      | 6602 ||| INVOKING Heroism.
  6608 | D:9      | Reached XP level 11. HP: 35/79 MP: 0/0
  6608 | D:9      | Learned a level 4 spell: Flame Wave
  6929 | D:9      | 6929 ||| UPGRADING to amulet of reflection.
  6939 | D:9      | 6939 ||| DROPPING amulet of regeneration.
  6940 | D:9      | 6940 ||| UPGRADING to ring of resist corrosion.
  6947 | D:10     | Entered Level 10 of the Dungeon
  6983 | D:10     | Noticed a two-headed ogre
  6984 | D:10     | 6984 ||| INVOKING Heroism.
  6987 | D:10     | Killed a two-headed ogre
  7097 | D:10     | Noticed Amaemon
  7097 | D:10     | 7097 ||| INVOKING Heroism.
  7109 | D:10     | Killed Amaemon
  7140 | D:10     | Found Furyc's Assorted Antiques.
  7145 | D:10     | 7145 ||| READING scroll of enchant armour.
  7145 | D:10     | 7145 ||| ENCHANTING +0 helmet.
  7150 | D:10     | 7150 ||| BUYING glowing leather armour (125 gold).
  7150 | D:10     | Bought a glowing leather armour for 125 gold pieces
  7150 | D:10     | 7150 ||| BUYING potion of curing (75 gold).
  7150 | D:10     | Bought a potion of curing for 75 gold pieces
  7150 | D:10     | 7150 ||| BUYING scroll labelled SEOBRU KATA (25 gold).
  7150 | D:10     | Bought a scroll labelled SEOBRU KATA for 25 gold pieces
  7150 | D:10     | 7150 ||| SHOPLISTING wand of polymorph (4) (140 gold, have
                  | 74).
  7256 | D:10     | Found a shimmering altar of Xom.
  7273 | D:10     | Reached **** piety under Okawaru
  7390 | D:10     | Found a hide-covered altar of Uskayaw.
  7513 | D:10     | Noticed Fannar
  7514 | D:10     | 7514 ||| INVOKING Finesse.
  7527 | D:10     | Killed Fannar
  7528 | D:10     | Reached skill level 11 in Ranged Weapons
  7959 | D:10     | 7959 ||| RETREEEEATING.
  7960 | D:10     | 7960 ||| RETREEEEATING.
  7961 | D:10     | 7961 ||| RETREEEEATING.
  7962 | D:10     | 7962 ||| RETREEEEATING.
  7963 | D:10     | 7963 ||| RETREEEEATING.
  7964 | D:10     | 7964 ||| RETREEEEATING.
  7965 | D:10     | 7965 ||| RETREEEEATING.
  7966 | D:10     | 7966 ||| RETREEEEATING.
  7967 | D:10     | 7967 ||| RETREEEEATING.
  7968 | D:10     | 7968 ||| INVOKING Heroism.
  7981 | D:10     | HP: 18/82 [yak (5)]
  7982 | D:10     | 7982 ||| READING scroll of teleportation.
  7983 | D:10     | 7983 ||| DRINKING potion of heal wounds.
  8208 | D:10     | 8208 ||| UPGRADING to +1 leather armour of cold resistance.
  8218 | D:10     | 8218 ||| DROPPING +0 ring mail.
  8219 | D:10     | 8219 ||| READING 6 scrolls of identify.
  8219 | D:10     | 8219 ||| IDENTIFYING scroll labelled AWOR VOG GOWN
  8220 | D:10     | 8220 ||| READING 5 scrolls of identify.
  8220 | D:10     | 8220 ||| IDENTIFYING scroll labelled SEOBRU KATA
  8221 | D:10     | 8221 ||| DROPPING scroll of immolation.
  8222 | D:10     | 8222 ||| DROPPING scroll of torment.
  8276 | D:11     | 8276 ||| STAIRDANCE
  8326 | D:11     | 8326 ||| STAIRDANCE
  8330 | D:11     | 8330 ||| STAIRDANCE
  8418 | D:10     | 8418 ||| UPGRADING to +0 troll leather armour.
  8428 | D:10     | 8428 ||| DROPPING +1 leather armour of cold resistance.
  8429 | D:10     | 8429 ||| DROPPING +0 steam dragon scales.
  8436 | D:11     | 8436 ||| INVOKING Finesse.
  8734 | D:11     | 8734 ||| INVOKING Finesse.
  8743 | D:11     | 8743 ||| RETREEEEATING.
  8746 | D:11     | Reached XP level 12. HP: 26/88 MP: 0/0
  8747 | D:11     | HP: 17/88 [wyvern (10)]
  8752 | D:11     | HP: 10/88 [wyvern (2)]
  8752 | D:11     | HP: 4/88 [wyvern (6)]
  8753 | D:11     | Slain by a wyvern

Levels and vault maps discovered:
D:1:      grunt_arrival_crossed_arrows, layout_basic, serial_shops,
          nicolae_shop_gibbet_a_chance, nicolae_shop_rolling_square
D:2:      layout_basic
D:3:      layout_rooms
D:4:      layout_basic, overflow_temple_1_default,
          nicolae_hepliaklqana_hazy_memory, minivault_24
D:5:      layout_loops_ring, zin_treasury
D:6:      layout_basic, nemelex_dance_club_becter, minmay_starry_boxes
D:7:      layout_basic, nicolae_wu_jian_immortal_techniques,
          yredelemnul_forgotten_temple_becter, lemuel_coloured_pillars_altar,
          minmay_temple_entry_statues_fountains, minmay_misc_feat_iff,
          grunt_ministairs_5, dk_noncrumbling_3, lightli_corner_chamber,
          uniq_pikel, uniq_prince_ribbit1
D:8:      layout_rooms, serial_shops, shop, enter_bailey_7
D:9:      layout_rooms, mainiacjoe_overflow_cross_hatched,
          mainiacjoe_overflow_alcove_2, minmay_gold_behind_fungi
D:10:     layout_gridville, lemuel_doored_altar, general_overflow_altar,
          serial_shops, nicolae_shop_hallway_plus, uniq_amaemon, uniq_fannar
D:11:     layout_small_grid, minmay_lair_entry_grove,
          kennysheep_orc_monster_closet_entryway, feat_on_display
Temple:   minmay_temple_curvy_loop

Skill      XL: |  1  2  3  4  5  6  7  8  9 10 11 |
---------------+----------------------------------+-----
Ranged Weapons | 4 5 6 8 10 11 | 11.0
Fighting       | 3 4 5 6 7 8 |  8.5
Dodging        | 3 4 5 6 8 |  8.6
Armour         | 2 4 |  4.8
Invocations    | 1 4 5 |  5.3
Stealth        | |  0.7

Action                     |  1- 3 |  4- 6 |  7- 9 | 10-12 || total
---------------------------+-------+-------+-------+-------++-------
   Fire: Shortbow          |    95 |   166 |   327 |   180 ||   768
         Arbalest          |       |       |       |   291 ||   291
 Invoke: Heroism           |       |       |       |     5 ||     5
         Finesse           |       |       |       |     3 ||     3
  Evoke: Wand              |       |       |     5 |       ||     5
    Use: Potion            |     2 |       |     3 |     2 ||     7
         Scroll            |     1 |     9 |     4 |    11 ||    25
 Armour: Leather armour    |    25 |    41 |    21 |    12 ||    99
         Ring mail         |       |       |   103 |   227 ||   330
         Troll leather arm |       |       |       |    37 ||    37
  Dodge: Dodged            |    28 |    51 |   128 |   304 ||   511
  Block: Other             |       |       |       |    39 ||    39
         Reflection        |       |       |       |     7 ||     7

Table legend:
 A = Non-vault XP
 B = Vault XP
 C = Vault XP percentage of total XP
 D = Non-vault monster count
 E = Vault monster count
 F = Vault count percentage of total count
                 A         B        C        D         E       F
            +---------+---------+-------+---------+---------+-------
      Total |   12133 |    3579 |  22.8 |     246 |      18 |   6.8
            +---------+---------+-------+---------+---------+-------
        D:1 |      39 |       0 |   0.0 |      23 |       0 |   0.0
        D:2 |      56 |       0 |   0.0 |      21 |       0 |   0.0
        D:3 |     166 |       0 |   0.0 |      23 |       0 |   0.0
        D:4 |     246 |       0 |   0.0 |      15 |       0 |   0.0
        D:5 |     563 |       0 |   0.0 |      13 |       0 |   0.0
        D:6 |    1134 |     190 |  14.4 |      23 |       5 |  17.9
        D:7 |    1184 |    1094 |  48.0 |      37 |       6 |  14.0
        D:8 |    1779 |      42 |   2.3 |      33 |       3 |   8.3
        D:9 |    2225 |       0 |   0.0 |      26 |       0 |   0.0
       D:10 |    3084 |    2048 |  39.9 |      18 |       3 |  14.3
       D:11 |    1657 |     205 |  11.0 |      14 |       1 |   6.7
            +---------+---------+-------+---------+---------+-------
